 Dungeon Crawl Stone Soup version 0.31.0-2-g5a2aebc5c2 (webtiles) character file.

Game seed: 13608576167314207681

412 Curundu the Chopper (level 6, -5/54 (56) HPs)
             Began as a Minotaur Berserker on Jan 21, 2024.
             Was a Believer of Trog.
             Slain by a gnoll sergeant
             ... wielding a +0 trident
              (11 damage)
             ... on level 4 of the Dungeon.
             The game lasted 00:10:07 (2888 turns).

Curundu the Chopper (Minotaur Berserker)            Turns: 2888, Time: 00:10:08

HP:   -5/54 (56)    AC: 12    Str: 24    XL:     6   Next: 59%
MP:   5/5           EV:  9    Int:  4    God:    Trog [**....]
Gold: 161           SH:  0    Dex:  9    Spells: 5/5 levels left

rFire   . . .        a - +0 hand axe
rCold   . . .        (no shield)
rNeg    . . .        n - +0 chain mail
rPois   .            (helmet restricted)
rElec   .            i - +0 cloak
rCorr   .            (no gloves)
SInv    .            h - +0 pair of boots
Will    .....        (no amulet) Stlth
                     (no ring)
HPRegen 0.29/turn    (no ring)
MPRegen 0.09/turn

%: no passive effects
@: on berserk cooldown, lightly drained
A: horns 2, retaliatory headbutt
a: Renounce Religion, Berserk, Trog's Hand


You were on level 4 of the Dungeon.
You worshipped Trog.
Trog was pleased with you.
You visited 1 branch of the dungeon, and saw 4 of its levels.

You collected 161 gold pieces.

Inventory:

Hand Weapons
 a - a +0 hand axe (weapon)
Armour
 e - a +0 ring mail
 h - a +0 pair of boots (worn)
 i - a +0 cloak (worn)
 n - a +0 chain mail (worn)
Jewellery
 c - an amulet of magic regeneration
 d - a ring of resist corrosion
 j - a ring of magical power
 l - an amulet of guardian spirit
Wands
 k - a wand of polymorph (5)
Scrolls
 f - a scroll of brand weapon {unknown}
Potions
 b - 2 potions of enlightenment
 g - a potion of ambrosia
 m - 2 potions of magic


   Skills:
 + Level 5.0 Fighting
 + Level 6.1 Axes
 + Level 4.9 Armour
 + Level 3.6 Dodging
 + Level 0.5 Stealth


You had 5 spell levels left.
You didn't know any spells.
Your spell library was empty.

Dungeon Overview and Level Annotations

Branches:
Dungeon (4/15)
 Temple: D:4-7

Altars:
Qazlal
Yredelemnul


Innate Abilities, Weirdness & Mutations

You have a pair of horns on your head.
You reflexively headbutt those who attack you in melee.


Message History

You closely miss the ball python. You headbutt the ball python.
You kill the ball python!
Trog accepts your kill.
You start resting.
A gnoll sergeant comes into view. It is wielding a +0 trident.
A gnoll sergeant is nearby!
The gnoll sergeant shouts!
You hear a shout! x3
You hear a shout!
The gnoll sergeant hits you with a +0 trident.
You hit the gnoll sergeant. You headbutt the gnoll sergeant.
The gnoll sergeant is moderately wounded.
The gnoll sergeant hits you with a +0 trident!
The gnoll sergeant misses you.
You hit the gnoll sergeant.
Your headbutt misses the gnoll sergeant.
The gnoll sergeant is heavily wounded.
The gnoll sergeant hits you with a +0 trident!
You closely miss the gnoll sergeant.
The gnoll sergeant is heavily wounded.
The gnoll sergeant hits you with a +0 trident. x2
* * * LOW HITPOINT WARNING * * *
A gnoll comes into view. It is wielding a +0 club.
You barely miss the gnoll sergeant.
The gnoll sergeant is heavily wounded.
You feel yourself speed up.
A gnoll comes into view. It is wielding a +0 spear.
The gnoll sergeant hits you with a +0 trident!
* * * LOW HITPOINT WARNING * * *
A hobgoblin comes into view.
You hit the gnoll sergeant but do no damage.
Your headbutt misses the gnoll sergeant.
The gnoll sergeant is heavily wounded.
The gnoll sergeant closely misses you. You furiously retaliate!
You headbutt the gnoll sergeant! You hit the gnoll sergeant.
The gnoll sergeant is almost dead.
A kobold comes into view. It is wielding a +0 short sword.
The gnoll hits you but does no damage.
The gnoll sergeant hits you with a +0 trident!
You die...

#####.######.#
#............#
#.###..####)###
#..♣♣♣....#
♣♣.♣..♣##.#######.
#♣♣g♣.♣..♣#.........
..g♣♣.♣..♣.#######.
.♣g..♣?.♣.#
.♣@_)♣...##
♣.)..♣.♣# ♣g♣♣†.♣♣
♣K....♣♣ ..♣.♣.♣♣
...♣.♣.♣ ##. ###..
#. #..# . .. .


You could see a gnoll sergeant, 2 gnolls, a hobgoblin and a kobold.

Vanquished Creatures
  Blork the orc (D:4)
  2 orc priests (D:4)
  Natasha (thrice) (D:3)
  An orc wizard (D:3)
  Terence (D:2)
  3 hound zombies (D:4)
  3 gnolls (D:3)
  An adder (D:2)
  An adder zombie (D:4)
  A ribbon worm (D:3)
  8 orcs
  6 ball pythons
  An endoplasm (D:1)
  7 goblins
  8 hobgoblins
  2 jackals (D:1)
  4 kobolds
  2 quokkas
  10 bats
  6 rats
71 creatures vanquished.

Notes
Turn   | Place    | Note
-------+----------+-------------------------------------------
     0 | D:1      | Curundu the Minotaur Berserker began the quest for the Orb.
     0 | D:1      | Reached XP level 1. HP: 19/19 MP: 0/0
   325 | D:1      | Reached skill level 4 in Axes
   325 | D:1      | Reached XP level 2. HP: 27/27 MP: 1/1
   800 | D:1      | You fall into a shaft and drop 1 floor!
   907 | D:2      | Noticed Terence
   917 | D:2      | Killed Terence
   918 | D:2      | Reached XP level 3. HP: 33/33 MP: 2/2
  1395 | D:1      | Reached ** piety under Trog
  1907 | D:3      | Reached XP level 4. HP: 40/40 MP: 3/3
  1911 | D:3      | Noticed Natasha
  1921 | D:3      | Killed Natasha
  1938 | D:3      | Reached skill level 5 in Axes
  1953 | D:3      | Noticed Natasha
  1976 | D:3      | Killed Natasha
  1977 | D:3      | Reached XP level 5. HP: 43/47 MP: 4/4
  2019 | D:3      | Found a stormy altar of Qazlal.
  2021 | D:3      | Noticed a fire elemental
  2030 | D:3      | Noticed a water elemental
  2030 | D:3      | Noticed an air elemental
  2484 | D:3      | Noticed Natasha
  2493 | D:3      | Killed Natasha
  2617 | D:4      | Noticed Blork the orc
  2628 | D:4      | Killed Blork the orc
  2629 | D:4      | Reached XP level 6. HP: 25/55 MP: 5/5
  2802 | D:4      | Found a basalt altar of Yredelemnul.
  2839 | D:4      | Reached skill level 6 in Axes
  2861 | D:4      | Reached skill level 5 in Fighting
  2888 | D:4      | Slain by a gnoll sergeant

Illustrated notes

Levels and vault maps discovered:
D:1:      dpeg_arrival_subterranean_lakeside_camping, layout_loops_corners
D:2:      layout_basic, kennysheep_crisscross,
          amcnicky_mini_rare_corridor_liquid, uniq_terence
D:3:      layout_loops_cross, nicolae_qazlal_style_of_elements, kennysheep_nub,
          uniq_natasha
D:4:      layout_loops_ring, nicolae_yredelemnul_corpse_copse,
          uniq_blork_the_orc, uniq_eustachio, uniq_grinder

Skill      XL: |  1  2  3  4  5  6 |
---------------+-------------------+-----
Axes           | 4 5 6 |  6.1
Armour         | 3 4 |  4.9
Fighting       | 4 5 |  5.0
Dodging        | 3 |  3.6
Stealth        | |  0.5

Action                     |  1- 3 |  4- 6 || total
---------------------------+-------+-------++-------
  Melee: Hand axe          |    68 |   118 ||   186
         Headbutt          |     9 |    18 ||    27
         Punch             |     1 |     1 ||     2
 Invoke: Berserk           |     1 |     1 ||     2
         Trog's Hand       |       |     4 ||     4
    Use: Scroll            |     6 |     2 ||     8
 Armour: Animal skin       |     8 |       ||     8
         Ring mail         |    49 |    61 ||   110
         Skin              |       |     7 ||     7
         Chain mail        |       |    20 ||    20
  Dodge: Dodged            |    40 |    72 ||   112
